 Dungeon Crawl Stone Soup version 0.30-b1-2-g02819fbbbe (webtiles) character file.

Game seed: 5957306795376436727

41 Arcadio the Chopper (level 3, 0/34 HPs)
             Began as a Hill Orc Monk on May 12, 2023.
             Slain by a gnoll
             ... wielding a +0 halberd
              (1 damage)
             ... on level 2 of the Dungeon.
             The game lasted 00:02:01 (938 turns).

Arcadio the Chopper (Hill Orc Monk)                  Turns: 938, Time: 00:02:02

Health: 0/34       AC:  3    Str: 15    XL:     3   Next: 52%
Magic:  3/3        EV: 12    Int: 10    God:
Gold:   43         SH:  0    Dex: 13    Spells: 2/2 levels left

rFire   . . .        a - +0 hand axe
rCold   . . .        d - orb {light}
rNeg    . . .        b - +0 robe
rPois   .            (no helmet)
rElec   .            (no cloak)
rCorr   .            (no gloves)
SInv    .            i - +0 pair of boots
Will    .....        (no amulet)
Stlth   +            (no ring)
HPRegen 0.25/turn    (no ring)
MPRegen 0.08/turn

%: no passive effects
@: glowing
A: no striking features
a: no special abilities


You were on level 2 of the Dungeon.
You visited 1 branch of the dungeon, and saw 2 of its levels.

You collected 43 gold pieces.

Inventory:

Hand Weapons
 a - a +0 hand axe (weapon)
Armour
 b - a +0 robe (worn)
 d - an orb of light (worn)
 i - a +0 pair of boots (worn)
Jewellery
 g - an amulet of magic regeneration
Scrolls
 e - a scroll of enchant weapon {unknown}
 f - a scroll of teleportation {unknown}
 h - a scroll of magic mapping {unknown}
Potions
 c - a potion of ambrosia
 k - a potion of lignification


   Skills:
 + Level 4.3 Fighting
 + Level 4.7 Axes
 + Level 1.7 Armour
 - Level 2.4 Dodging


You had 2 spell levels left.
You didn't know any spells.
Your spell library was empty.

Dungeon Overview and Level Annotations

Branches:
Dungeon (2/15) Zot: 11054

Altars:


Message History

The ball python bites you. The ball python barely misses you.
The ball python attacks as you move away!
The ball python barely misses you. The ball python misses you.
There is an open door here.
The ball python barely misses you. x2
The ball python attacks as you move away!
The ball python closely misses you.
The ball python attacks as you move away!
The ball python bites you. The ball python barely misses you.
The ball python bites you. The ball python closely misses you.
The ball python attacks as you move away!
The ball python bites you but does no damage.
The ball python attacks as you move away!
The ball python bites you. The ball python closely misses you.
The ball python attacks as you move away!
The ball python bites you.
* * * LOW HITPOINT WARNING * * *
The ball python bites you but does no damage.
The ball python completely misses you. The ball python misses you.
The ball python closely misses you.
There is a stone staircase leading up here.
You see here a potion of degeneration.
The ball python bites you but does no damage.
The ball python grabs you.
You stop ascending the stairs.
The ball python constricts you.
* * * LOW HITPOINT WARNING * * *
The gnoll hits you from afar with a +0 halberd.
* * * LOW HITPOINT WARNING * * *
Unknown command.
The ball python's grasp on you weakens, but your attempt to escape fails.
The ball python bites you.
* * * LOW HITPOINT WARNING * * *
The ball python constricts you.
* * * LOW HITPOINT WARNING * * *
The gnoll hits you from afar with a +0 halberd.
* * * LOW HITPOINT WARNING * * *
You escape the ball python's grasp.
The ball python barely misses you. The ball python misses you.
The gnoll hits you from afar with a +0 halberd.
You die...

..#
#.###...##......
...
#.......########
.#.## #.###...#
#... #.g.### #..##
###.### #....
#.g.# #..###g.##
#....S..#####
.##+#..#@.........
..................
..................
.........#........
.........##.......
.........# .......
.........# .......
......>..# ......
#+#+##+#.. ...


You could see 3 gnolls and a ball python.

Vanquished Creatures
  2 dart slugs (D:1)
  3 endoplasms (D:1)
  2 giant cockroaches (D:1)
  2 goblins (D:1)
  3 hobgoblins (D:1)
  7 kobolds (D:1)
  4 quokkas (D:1)
  3 ball pythons (D:1)
  3 bats (D:1)
  4 rats (D:1)
33 creatures vanquished.

Notes
Turn   | Place    | Note
-------+----------+-------------------------------------------
     0 | D:1      | Arcadio the Hill Orc Monk began the quest for the Orb.
     0 | D:1      | Reached XP level 1. HP: 19/19 MP: 1/1
    68 | D:1      | Reached XP level 2. HP: 18/27 MP: 2/2
   141 | D:1      | Reached skill level 1 in Armour
   201 | D:1      | Reached XP level 3. HP: 28/33 MP: 3/3
   937 | D:2      | HP: 1/34 [gnoll/+0 halberd (1)]
   938 | D:2      | Slain by a gnoll

Illustrated notes

Levels and vault maps discovered:
D:1:      erik_arrival_blinker_ship, layout_loops_ring, minmay_hexomino_u4
D:2:      layout_basic, hellmonk_ecumenical_altar_run_dry, minmay_quantized

Skill      XL: |  1  2 |
---------------+-------+-----
Armour         | 1 |  1.7
Fighting       | 4 |  4.3
Axes           | |  4.7
Dodging        | |  2.4

Action                     || total
---------------------------++-------
  Melee: Hand axe          ||    81
    Use: Scroll            ||     2
 Armour: Robe              ||    15
  Dodge: Dodged            ||    70
